 Dungeon Crawl Stone Soup version 0.17-a0-1485-g22cb0ee (webtiles) character file.

128 Fluffy the Sneak (level 5, -10/41 HPs)
             Began as a Human Wanderer on July 5, 2015.
             Was a Follower of Zin.
             Mangled by a gnoll
             ... wielding a +2 whip of electrocution
              (17 damage)
             ... on level 3 of the Dungeon.
             The game lasted 00:06:26 (2091 turns).

Fluffy the Sneak (Human Wanderer)                   Turns: 2091, Time: 00:06:26

Health: -10/41     AC:  7    Str: 15    XL:     5   Next: 34%
Magic:  5/5        EV: 10    Int: 12    God:    Zin [*.....]
Gold:   108        SH:  0    Dex: 11    Spells: 0 memorised, 4 levels left

rFire  . . .     SeeInvis .     a - +2 falchion
rCold  . . .     Clarity  .     p - +0 scale mail
rNeg   . . .     SustAt   .     (no shield)
rPois  .         Gourm    .     (no helmet)
rElec  .         Spirit   .     (no cloak)
rCorr  .         Warding  .     (no gloves)
rMut   .         Stasis   .     g - +0 pair of boots
MR     +....                    (no amulet)
Stlth  +.........               (no ring)
                                c - ring of protection from magic

@: somewhat resistant to hostile enchantments, very unstealthy
A: no striking features
a: Recite, Renounce Religion


You were on level 3 of the Dungeon.
You worshipped Zin.
Zin was aware of your devotion.
You were very hungry.

You visited 1 branch of the dungeon, and saw 3 of its levels.

You collected 120 gold pieces.
You donated 12 gold pieces to Zin.

Inventory:

Hand weapons
 a - a +2 falchion (weapon)
 d - a +0 dagger
Armour
 g - a +0 pair of boots (worn)
 p - a +0 scale mail (worn)
Jewellery
 c - a ring of protection from magic (left hand)
Scrolls
 b - 3 scrolls of teleportation
 i - 2 scrolls of identify {unknown}
 j - a scroll of remove curse {unknown}
 k - a scroll of immolation {unknown}
 l - a scroll of blinking {unknown}
 m - a scroll of fear {unknown}
Potions
 o - a potion of might
Comestibles
 e - 3 bread rations
 f - a beef jerky
 h - a meat ration


   Skills:
 + Level 3.0 Fighting
 + Level 2.2 Long Blades
   Level 1.0 Axes
 - Level 1.0 Throwing
 + Level 2.2 Armour
 + Level 2.4 Dodging
 - Level 3.0 Stealth
 + Level 1.3 Invocations


You had 4 spell levels left.
You didn't know any spells.

Dungeon Overview and Level Annotations

Branches:
Dungeon (3/15)

Altars:
Kikubaaqudgha
Okawaru
Trog
Yredelemnul
Zin


Message History

You have got your breath back.
You hit the gnoll.
The gnoll is lightly wounded.
The gnoll hits you with a whip of electrocution.
* * * LOW HITPOINT WARNING * * *
You hit the gnoll.
The gnoll is moderately wounded.
The gnoll completely misses you.
You hit the gnoll but do no damage.
The gnoll is moderately wounded.
The gnoll hits you but does no damage.
You barely miss the gnoll.
The gnoll is moderately wounded.
The gnoll closely misses you.
You slash the gnoll!
The gnoll is almost dead.
The gnoll hits you with a whip of electrocution.
* * * LOW HITPOINT WARNING * * *
You are electrocuted!
You die...

####'#......# #...........#
#...........# #...........#
#...........# #....)..รท####
####### ########g# #.....####
#.....##g# #.###.#...
#######.###.##@#######.#.#.#.##
#<......# #.##........)#.......
######### #.###########........
#.###########).#.#..#
#.........().........
############.P.P....#
#.._....## #.P.P....#
#........#


You could see 2 gnolls.

Vanquished Creatures
  An orc wizard (D:3)
  3 adders (D:2)
  A gnoll (D:3)
  2 oozes
  A giant gecko (D:2)
  7 orcs (D:3)
  A giant cockroach (D:1)
  7 goblins
  7 hobgoblins
  3 bats
  3 giant newts
  6 kobolds
  A quokka (D:2)
  3 rats
46 creatures vanquished.

Notes
Turn   | Place    | Note
--------------------------------------------------------------
     0 | D:1      | Fluffy the Human Wanderer began the quest for the Orb.
     0 | D:1      | Fluffy set off with: a +2 falchion, 2 scrolls of teleportation, a +0 robe, a +0 dagger, a bread ration
     0 | D:1      | Reached XP level 1. HP: 16/16 MP: 1/1
     1 | D:1      | Noticed a centaur zombie
     1 | D:1      | Noticed an octopode zombie
     3 | D:1      | Noticed an octopode zombie
     5 | D:1      | Noticed a centaur zombie
     6 | D:1      | Noticed a formicid zombie
    16 | D:1      | Noticed an octopode zombie
    18 | D:1      | Noticed a spriggan zombie
    20 | D:1      | Noticed a spriggan zombie
   326 | D:1      | Reached XP level 2. HP: 20/22 MP: 2/2
   659 | D:2      | Reached XP level 3. HP: 8/28 MP: 3/3
  1037 | D:2      | Found a glowing silver altar of Zin.
  1061 | D:2      | Found a bloodstained altar of Trog.
  1065 | D:2      | Found an iron altar of Okawaru.
  1075 | D:2      | Became a worshipper of Zin the Law-Giver
  1232 | D:2      | Acquired Zin's first power
  1291 | D:2      | Reached XP level 4. HP: 32/34 MP: 4/4
  1315 | D:2      | Found an ancient bone altar of Kikubaaqudgha.
  1732 | D:3      | Found a basalt altar of Yredelemnul.
  1758 | D:3      | Reached skill level 1 in Invocations
  1758 | D:3      | Reached XP level 5. HP: 17/40 MP: 5/5
  2091 | D:3      | Mangled by a gnoll

Vault maps used:
D:1:      shiori_arrival_whats_in_store_for_you
D:2:      wad_lake_hut, lemuel_doored_altar, gammafunk_temple_overflow_forgotten
D:3:      minmay_misc_feat_nine_boxes, yredelemnul_altar_generic, uniq_robin,
          uniq_natasha, uniq_purgy

Action                   |  1- 3 |  4- 6 || total
-------------------------+-------+-------++-------
Melee: Falchion          |    89 |    80 ||   169
Invok: Recite            |       |     2 ||     2
  Use: Potion            |     1 |       ||     1
 Stab: Sleeping          |     2 |     1 ||     3
  Eat: Chunk             |     1 |     2 ||     3
